 Dungeon Crawl Stone Soup version 0.21.1-1-g345015f (webtiles) character file.

499 tevo3000 the Ducker (level 6, -4/28 HPs)
             Began as a Spriggan Conjurer on Apr 26, 2018.
             Was a Follower of Dithmenos.
             Slain by a mummy (19 damage)
             ... in an ossuary.
             The game lasted 00:21:16 (4304 turns).

tevo3000 the Ducker (Spriggan Conjurer)             Turns: 4304, Time: 00:21:16

Health: -4/28      AC:  2    Str:  2 (4)  XL:     6   Next: 94%
Magic:  12/12      EV: 22    Int: 15 (18) God:    Dithmenos [*.....]
Gold:   191        SH:  0    Dex: 15 (17) Spells: 9/12 levels left

rFire    . . .     SeeInvis +   j - +2 dagger (distort)
rCold    . . .     Gourm    .   (shield restricted)
rNeg     . . .     Faith    .   a - +0 robe
rPois    +         Spirit   .   p - +0 hat
rElec    .         Reflect  .   m - scarf {repulsion}
rCorr    .         Harm     .   (gloves unavailable)
MR       +....                  (boots unavailable)
Stlth    ++++......             (no amulet)
HPRegen  0.09/turn              (no ring)
MPRegen  0.13/turn              (no ring)

@: wreathed by umbra, repel missiles, very quick
A: very small, unfitting armour, see invisible, herbivore, speed 3, poison
resistance, slow metabolism 2, no potion heal 1, MP-powered wands
a: Renounce Religion


You were in an ossuary.
You worshipped Dithmenos.
Dithmenos was aware of your devotion.
You were full.

You visited 1 branch of the dungeon, and saw 5 of its levels.
You also visited: Ossuary.

You collected 191 gold pieces.

Inventory:

Hand Weapons
 e - a +4 flail of protection
 j - a +2 dagger of distortion (weapon)
 v - a +2 whip of electrocution
Armour
 a - a +0 robe (worn)
 m - a scarf of repulsion (worn)
 p - a +0 hat (worn)
Wands
 s - a wand of digging (13)
Scrolls
 f - a scroll of remove curse
 g - a scroll of amnesia
 h - 4 scrolls of identify
 u - a scroll of enchant weapon
Potions
 k - a potion of resistance
 l - 2 potions of lignification
 n - a potion of heal wounds {unknown}
 o - a potion of brilliance {unknown}
 q - a potion of agility {unknown}
 r - a potion of might {unknown}
 t - a potion of curing
Books
 b - a book of Conjurations

   Spells                             Type                      Level
   a - Magic Dart                     Conjuration                  1
   b - Searing Ray                    Conjuration                  2
   c - Dazzling Spray                 Conjuration/Hexes            3
   d - Fulminant Prism                Conjuration/Hexes            4
   e - Force Lance                    Conjuration/Translocation    4
   f - Iskenderun's Mystic Blast      Conjuration                  4
Comestibles
 c - 4 rations


   Skills:
 + Level 3.7 Short Blades
 + Level 6.7 Dodging
 + Level 6.4 Stealth
 + Level 3.5 Spellcasting
 - Level 3.3 Conjurations


You had 9 spell levels left.
You knew the following spells:

 Your Spells              Type           Power        Failure   Level  Hunger
a - Magic Dart            Conj           ##..         4%          1    None
b - Searing Ray           Conj           ##....       8%          2    ##.....


Dungeon Overview and Level Annotations

Branches:
Dungeon (5/15)
 Temple: D:4-7

Altars:
Dithmenos
Fedhas
Hepliaklqana
Okawaru
Uskayaw
Zin
The Shining One

Shops:
D:4 *


Innate Abilities, Weirdness & Mutations

You are very small and have problems with some larger weapons.
You are too small for most types of armour.
You have supernaturally acute eyesight. (SInv)
You are a herbivore.
You cover ground extremely quickly.
You need consume almost no food.
Your system is resistant to poisons. (rPois)
Potions are less effective at restoring your health.
You expend magic power (3 MP) to strengthen your wands.


Message History

You hit the kobold zombie.
Space warps horribly around the kobold zombie!
You destroy the kobold zombie!
Dithmenos accepts your kill. The mummy completely misses you.
The big kobold zombie hits you but does no damage.
You hit the mummy.
The mummy is moderately damaged.
The mummy blinks!
The mummy completely misses you.
You hit the mummy.
Space warps horribly around the mummy!
The mummy is severely damaged.
You hit the mummy.
The mummy looks slightly unstable.
The mummy is almost destroyed.
The big kobold zombie misses you.
You hit the mummy but do no damage.
The mummy seems more stable.
The mummy is almost destroyed.
The big kobold zombie barely misses you.
The mummy hits you!!
Ouch! That really hurt!
You die...

...........
........#
......#
#....#
#....#
#....#
#.M..#
#Z.M.#
#M@..#
#....#
#....#
#.∩∩.#
######


You could see 3 mummies and a big kobold zombie.

Vanquished Creatures
  The ghost of lomky the Cudgeler, an amateur HOMo (D:3)
  Edmund (D:4)
  A scorpion (D:4)
  A hound (D:4)
  An iguana (D:4)
  6 adders
  3 dart slugs
  3 leopard geckos
  4 orcs
  5 giant cockroaches
  4 goblins
  8 hobgoblins
  2 jackals (D:3)
  A quokka (D:4)
  7 bats
  4 frilled lizards
  A gnoll zombie (Ossuary)
  A hobgoblin zombie (Ossuary)
  7 kobolds
  2 kobold zombies (Ossuary)
  2 orc zombies (Ossuary)
  7 rats
72 creatures vanquished.

Vanquished Creatures (others)
  A mummy (Ossuary)
  A quokka (D:5)
  A kobold zombie (Ossuary)
3 creatures vanquished.

Grand Total: 75 creatures vanquished

Notes
Turn   | Place    | Note
-------+----------+-------------------------------------------
     0 | D:1      | tevo3000 the Spriggan Conjurer began the quest for the Orb.
     0 | D:1      | Reached XP level 1. HP: 9/9 MP: 5/5
   190 | D:1      | Reached XP level 2. HP: 7/13 MP: 0/6
   452 | D:1      | Learned a level 2 spell: Searing Ray
  1192 | D:2      | Reached XP level 3. HP: 12/16 MP: 6/8
  1234 | D:2      | Found a shadowy altar of Dithmenos.
  1253 | D:2      | Became a worshipper of Dithmenos the Shadowed
  1299 | D:2      | Found a shadowy altar of Dithmenos.
  1384 | D:2      | Found a hide-covered altar of Uskayaw.
  1422 | D:2      | Reached skill level 1 in Short Blades
  1876 | D:3      | Reached XP level 4. HP: 20/21 MP: 3/9
  1955 | D:3      | Reached skill level 5 in Dodging
  2016 | D:3      | Reached * piety under Dithmenos
  2023 | D:3      | Found a faded altar of an unknown god.
  2035 | D:3      | Found an iron altar of Okawaru.
  2188 | D:3      | Noticed lomky's ghost (amateur HOMo)
  2219 | D:3      | Killed lomky's ghost
  2219 | D:3      | Reached skill level 5 in Stealth
  2219 | D:3      | Reached XP level 5. HP: 9/24 MP: 1/10
  2519 | D:3      | Found a blossoming altar of Fedhas.
  2767 | D:3      | Found a glowing golden altar of the Shining One.
  2771 | D:3      | Found a hazy altar of Hepliaklqana.
  2972 | D:4      | Reached XP level 6. HP: 28/28 MP: 11/11
  3028 | D:4      | Noticed Edmund
  3110 | D:4      | Found Zin's Purification Station.
  3126 | D:4      | Killed Edmund
  3132 | D:4      | Found a glowing silver altar of Zin.
  4043 | D:5      | Entered Level 5 of the Dungeon
  4258 | D:5      | Found a sand-covered staircase.
  4263 | Ossuary  | Entered an ossuary
  4279 | Ossuary  | Gained mutation: You expend magic power (3 MP) to strengthen your wands. [potion of mutation]
  4279 | Ossuary  | Gained mutation: Potions are less effective at restoring your health. [potion of mutation]
  4279 | Ossuary  | Gained mutation: Your system is resistant to poisons. (rPois) [potion of mutation]
  4304 | Ossuary  | Slain by a mummy

Skill      XL: |  1  2  3  4  5  6 |
---------------+-------------------+-----
Conjurations   | 3 |  3.3
Dodging        | 4 5 6 |  6.7
Short Blades   | 1 2 3 |  3.7
Stealth        | 5 6 |  6.4
Spellcasting   | 3 |  3.5

Action                   |  1- 3 |  4- 6 || total
-------------------------+-------+-------++-------
Melee: Unarmed           |     9 |       ||     9
       Dagger            |    28 |   106 ||   134
 Cast: Magic Dart        |    50 |    10 ||    60
       Searing Ray       |     6 |     7 ||    13
  Use: Potion            |     2 |     9 ||    11
       Scroll            |       |     9 ||     9
 Stab: Distracted        |     1 |     1 ||     2
       Sleeping          |     1 |     7 ||     8
  Eat: Ration            |       |     3 ||     3
Armor: Robe              |     2 |     6 ||     8
       Skin              |       |     2 ||     2
Dodge: Dodged            |    37 |    81 ||   118
       Deflected         |       |     1 ||     1
